 Dungeon Crawl Stone Soup version 0.30-a0-439-g9e77e4d916 (webtiles) character file.

Game seed: 10348371808546209803

11186 AigisTheKnight the Trooper (level 11, -1/84 HPs)
             Began as a Demonspawn Fire Elementalist on Dec 10, 2022.
             Was an Initiate of Gozag.
             Slain by a death yak (5 damage)
             ... on level 2 of the Lair of Beasts.
             The game lasted 00:38:47 (14990 turns).

AigisTheKnight the Trooper (DsFE)                  Turns: 14990, Time: 00:38:50

Health: -1/84      AC: 10    Str:  9    XL:     11   Next: 46%
Magic:  21/21      EV: 16    Int: 29    God:    Gozag
Gold:   1202       SH:  9    Dex: 13    Spells: 11/24 levels left

rFire   + . .      SeeInvis +    q - +6 dagger "Tanoplu" {elec, rF- Int+2 SInv Stlth+}
rCold   . . .      Faith    .    D - +0 buckler
rNeg    . . .      Spirit   .    L - +2 ring mail of Distant Worlds {rPois}
rPois   +          Reflect  .    B - +0 helmet
rElec   .          Harm     .    (cloak unavailable)
rCorr   .          Rampage  .    J - +1 pair of gloves of Distant Shores {rF++}
Will    .....                    (no boots)
Stlth   +++.......               (no amulet)
HPRegen 0.34/turn                H - +6 ring of intelligence
MPRegen 0.17/turn                g - +4 ring of evasion

@: about to teleport
A: large bone plates 1, ignite blood 2, powered by death 1, weakness stinger 3
a: Renounce Religion, Potion Petition, Call Merchant, Bribe Branch


You were on level 2 of the Lair of Beasts.
You worshipped Gozag.
Gozag was most pleased with you.
You visited 3 branches of the dungeon, and saw 12 of its levels.

You collected 1276 gold pieces.
You paid 74 gold pieces to Gozag.

Inventory:

Hand Weapons
 q - the +6 dagger "Tanoplu" (weapon) {elec, rF- Int+2 SInv Stlth+}
   (You found it on level 3 of the Dungeon)

   It occasionally discharges a powerful burst of electricity upon striking a
   foe.
   Int:       It affects your intelligence (+2).
   rF:        It makes you vulnerable to fire.
   SInv:      It lets you see invisible.
   Stlth:     It makes you more stealthy.
 A - the +8 scimitar "Devetapi" {vorpal, Str+4}
   (You found it on level 4 of the Dungeon)

   It inflicts extra damage upon your enemies.
   Str:       It affects your strength (+4).
 E - a +2 spear of venom
Missiles
 v - 5 curare-tipped darts
 M - 2 throwing nets
Armour
 a - a +0 robe
 k - an orb of guile
 B - a +0 helmet (worn)
 D - a +0 buckler (worn)
 J - the +1 pair of gloves of Distant Shores (worn) {rF++}
   (You found it on level 6 of the Dungeon)

   rF:        It greatly protects you from fire.
 L - the +2 ring mail of Distant Worlds (worn) {rPois}
   (You found it on level 7 of the Dungeon)

   rPois:     It protects you from poison.
Jewellery
 g - a +4 ring of evasion (right hand)
 i - a ring of willpower
 C - a ring of flight
 H - a +6 ring of intelligence (left hand)
Wands
 c - a wand of acid (4)
 h - a wand of flame (9)
Scrolls
 e - a scroll of identify
 l - a scroll of enchant weapon {unknown}
 m - a scroll of fog {unknown}
 n - 2 scrolls of torment {unknown}
 o - 3 scrolls of teleportation
 s - 6 scrolls of amnesia
 t - 2 scrolls of fear {unknown}
 w - a scroll of enchant armour {unknown}
 y - 2 scrolls of silence {unknown}
 F - 2 scrolls of magic mapping {unknown}
Potions
 b - a potion of magic
 d - 3 potions of brilliance
 f - 3 potions of attraction
 j - 3 potions of lignification
 p - 11 potions of curing
 r - a potion of invisibility {unknown}
 u - a potion of cancellation {unknown}
 x - a potion of degeneration {unknown}
 z - a potion of haste
 I - a potion of flight {unknown}
 K - a potion of resistance {unknown}
 N - a potion of mutation
 O - a potion of might {unknown}


   Skills:
 + Level 7.2 Fighting
 + Level 3.1 Armour
 - Level 6.5 Dodging
 - Level 3.0 Stealth
 + Level 5.7 Shields
 + Level 7.0 Spellcasting
 - Level 6.0 Conjurations
 + Level 4.2 Necromancy
 + Level 3.4 Translocations
 + Level 7.2 Fire Magic


You had 11 spell levels left.
You knew the following spells:

 Your Spells              Type           Power      Damage    Failure   Level
a - Foxfire               Conj/Fire      100%       2x1d9     1%          1
b - Scorch                Fire           100%       2d10      1%          2
c - Inner Flame           Hex/Fire       31%        N/A       12%         3
d - Kindle Blastsparks    Fire/Tloc/Air  60%        2d15      12%         3
e - Sticky Flame          Conj/Fire      48%        2d7       12%         4

Your spell library contained the following spells:

 Spells                   Type           Power      Damage    Failure   Level
 Necrotise                Necr           100%       1d9       3%          1
 Momentum Strike          Conj/Tloc      74%        3d10      3%          2
 Apportation              Tloc           60%        N/A       4%          1
 Flame Wave               Conj/Fire      48%        2d12      12%         4
 Hailstorm                Conj/Ice       27%        3d7       16%         3
 Stone Arrow              Conj/Erth      54%        3d10      16%         3
 Beastly Appendage        Tmut           20%        N/A       17%         1
 Freeze                   Ice            40%        1d6       17%         1
 Summon Small Mammal      Summ           40%        N/A       17%         1
 Wereblood                Tmut           10%        N/A       26%         2
 Fireball                 Conj/Fire      24%        3d11      32%         5
 Passage of Golubria      Tloc           30%        N/A       38%         4
 Frozen Ramparts          Ice            20%        1d4       45%         3
 Spider Form              Tmut/Pois      10%        N/A       45%         3
 Animate Armour           Summ/Erth      20%        N/A       86%         4
 Ice Form                 Ice/Tmut       10%        N/A       86%         4
 Starburst                Conj/Fire      24%        6d8       87%         6
 Borgnjor's Vile Clutch   Necr/Erth      11%        N/A       90%         5
 Summon Cactus Giant      Summ           5%         N/A       100%        6
 Simulacrum               Ice/Necr       Unusable   N/A       N/A         6

Dungeon Overview and Level Annotations

Branches:
Dungeon (9/15)             Temple (1/1) D:7            Lair (2/5) D:9
 Shoals (0/4) Lair:2
  Snake: Lair:2-3    Spider: Lair:2-3       Orc: D:9-12

Altars:
Ashenzari
Cheibriados
Dithmenos
Fedhas
Gozag
Hepliaklqana
Kikubaaqudgha
Makhleb
Okawaru
Qazlal
Ru
Sif Muna
Trog
Uskayaw
Wu Jian
Xom
Yredelemnul

Shops:
D:4 *   D:7 *

Annotations:
D:5 Sigmund


Innate Abilities, Weirdness & Mutations

You are partially covered in large bone plates. (SH +4)
Your demonic aura often causes spilled blood to erupt in flames.
You regenerate a little health from kills.
You have a sharp stinger which inflicts weakening toxins.


Message History

You block the bullfrog's attack. The death yak gores you!!
The yak completely misses you. You block the bullfrog's attack.
The yak bellows!
The death yak bellows!
You hear a bellow!
You climb downwards.
The eight-headed hydra bites you but does no damage.
The eight-headed hydra closely misses you.
You block the eight-headed hydra's attack. x2
The eight-headed hydra completely misses you.
The eight-headed hydra bites you! x2
You block the eight-headed hydra's attack.
There is a stone staircase leading up, spattered with blood here.
As you read the scroll of teleportation, it crumbles to dust.
You feel strangely unstable. The death yak completely misses you.
The yak completely misses you. The bullfrog closely misses you.
The eight-headed hydra bites you!
You block the eight-headed hydra's attack.
The eight-headed hydra barely misses you.
The eight-headed hydra bites you!
You block the eight-headed hydra's attack.
The eight-headed hydra barely misses you. x2
You block the eight-headed hydra's attack.
The eight-headed hydra attacks as you move away!
You block the eight-headed hydra's attack.
The eight-headed hydra bites you!
* * * LOW HITPOINT WARNING * * *
You block the eight-headed hydra's attack.
The eight-headed hydra bites you.
* * * LOW HITPOINT WARNING * * *
The eight-headed hydra bites you!
* * * LOW HITPOINT WARNING * * *
The eight-headed hydra barely misses you.
You block the eight-headed hydra's attack.
The eight-headed hydra bites you.
* * * LOW HITPOINT WARNING * * *
The bullfrog is engulfed in blazing flames.
The bullfrog barely misses you.
The death yak is engulfed in blazing flames.
The death yak gores you.
You die...
Your body crumbles into a pile of gold.

....##.#.....##
.....###.....P#
##.....##...###
..#.....#...#.##
.....##..#.##..# ##
..8...#........####.#
>.....#..')#...YD<..##
..8...#..#.....F☼Y...#
.....##..#..####@...##
..#..#..#...#P.....P#
..#....##............#
......###............#
...###......#.........#
+### ......P##.......##
D..#.....####........#
F..#.....# ###......#
>.8#.##### .....#.#


You could see a death yak, an eight-headed hydra, a yak and a bullfrog.

Vanquished Creatures
  A two-headed ogre (D:8)
  2 black mambas (Lair:2)
  A cane toad (Lair:1)
  2 komodo dragons (Lair:1)
  2 hornets
  4 slime creatures (D:7)
  Prince Ribbit (D:7)
  A wraith (D:9)
  2 wyverns (Lair:2)
  A steam dragon (D:8)
  16 yaks
  A basilisk (Lair:1)
  Menkaure (D:6)
  12 water moccasins
  3 orc warriors
  An ice beast (D:8)
  3 wolves (Lair:1)
  An ogre (D:7)
  A phantom (D:4)
  2 kobold brigands (D:8)
  7 bullfrogs
  A gnoll sergeant (D:5)
  5 necrophages
  9 scorpions
  5 wights
  3 howler monkeys (D:8)
  2 gnoll boudas
  5 orc priests
  3 iguanas
  7 orc wizards
  23 gnolls
  7 adders
  A shadow imp (D:6)
  3 white imps
  6 worms
  2 dart slugs
  24 orcs
  5 endoplasms
  5 giant cockroaches
  6 goblins
  2 hobgoblins
  8 jackals (D:4)
  14 kobolds
  3 quokkas
  2 ball pythons
  2 bats
  3 frilled lizards (D:1)
  7 rats
228 creatures vanquished.

Vanquished Creatures (collateral kills)
  2 foxfires
2 creatures vanquished.

Vanquished Creatures (others)
  728 foxfires
  2 fungi (Lair:2)
  2 plants
732 creatures vanquished.

Grand Total: 962 creatures vanquished

Notes
Turn   | Place    | Note
-------+----------+-------------------------------------------
     0 | D:1      | AigisTheKnight the Demonspawn Fire Elementalist began the
                  | quest for the Orb.
     0 | D:1      | Reached XP level 1. HP: 13/13 MP: 3/3
   210 | D:1      | Got the Vellum of Silt
   361 | D:1      | Gained mutation: You have a small tail. [demonic ancestry]
   361 | D:1      | Reached XP level 2. HP: 20/20 MP: 0/5
  1370 | D:2      | Found a faded altar of an unknown god.
  1714 | D:2      | Gained mutation: You are partially covered in large bone
                  | plates. (SH +4) [demonic ancestry]
  1714 | D:2      | Reached XP level 3. HP: 15/25 MP: 2/6
  1871 | D:2      | Reached skill level 1 in Fighting
  2281 | D:3      | Noticed a moth of wrath
  2284 | D:3      | Found a bloodstained altar of Trog.
  2412 | D:3      | Identified the +6 dagger "Tanoplu" {elec, rF- Int+2 SInv
                  | Stlth+}
  2488 | D:3      | Noticed a water moccasin
  2499 | D:3      | Learned a level 2 spell: Scorch
  2511 | D:3      | Killed a water moccasin
  2512 | D:3      | Reached XP level 4. HP: 8/33 MP: 0/8
  2512 | D:3      | Gained mutation: You regenerate a little health from kills.
                  | [demonic ancestry]
  2512 | D:3      | Reached XP level 5. HP: 9/38 MP: 0/9
  2519 | D:3      | HP: 1/38 [poisoned by a water moccasin]
  2876 | D:3      | Found a shadowy altar of Dithmenos.
  3473 | D:4      | Noticed a phantom
  3532 | D:4      | Gained mutation: Your demonic aura sometimes causes spilled
                  | blood to erupt in flames. [demonic ancestry]
  3532 | D:4      | Reached XP level 6. HP: 43/44 MP: 0/10
  3628 | D:4      | Found Ussooc's General Store.
  4345 | D:4      | Identified the +8 scimitar "Devetapi" {vorpal, Str+4}
  4545 | D:4      | Gained mutation: Your demonic aura often causes spilled
                  | blood to erupt in flames. [demonic ancestry]
  4545 | D:4      | Reached XP level 7. HP: 46/51 MP: 3/12
  4861 | D:5      | Entered Level 5 of the Dungeon
  5675 | D:5      | Noticed Sigmund
  6055 | D:5      | Reached skill level 1 in Shields
  6055 | D:5      | Gained mutation: You have a tail ending in a sharp stinger.
                  | [demonic ancestry]
  6055 | D:5      | Reached XP level 8. HP: 60/60 MP: 8/14
  6205 | D:5      | Found a blossoming altar of Fedhas.
  6367 | D:6      | Noticed Menkaure
  6372 | D:6      | Killed Menkaure
  7326 | D:6      | Reached skill level 5 in Fire Magic
  7458 | D:6      | Identified the +1 pair of gloves of Distant Shores {rF++}
  7972 | D:6      | Gained mutation: You have a sharp stinger which inflicts
                  | weakening toxins. [demonic ancestry]
  7972 | D:6      | Reached XP level 9. HP: 66/66 MP: 7/16
  8391 | D:7      | Found Yrosouh's Assorted Antiques.
  8400 | D:7      | Found a staircase to the Ecumenical Temple.
  8409 | D:7      | Reached skill level 5 in Conjurations
  8462 | Temple   | Entered the Ecumenical Temple
  8471 | Temple   | Became a worshipper of Gozag Ym Sagoz the Greedy
  8556 | D:7      | Reached skill level 5 in Fighting
  8556 | D:7      | Reached skill level 5 in Spellcasting
  8619 | D:7      | Got Naffaas's Codex of the Remoulded Map
  8636 | D:7      | Reached skill level 5 in Dodging
  9534 | D:7      | Identified the +2 ring mail of Distant Worlds {rPois}
  9935 | D:7      | Noticed Prince Ribbit
  9944 | D:7      | Killed Prince Ribbit
 10114 | D:8      | Reached XP level 10. HP: 76/76 MP: 11/18
 10116 | D:8      | Noticed a two-headed ogre
 10752 | D:8      | Reached skill level 1 in Necromancy
 10822 | D:8      | Reached skill level 1 in Translocations
 10925 | D:7      | Learned a level 3 spell: Inner Flame
 10984 | D:8      | Reached skill level 1 in Armour
 11680 | D:8      | Killed a two-headed ogre
 12116 | D:9      | Found a staircase to the Lair.
 12267 | D:9      | Reached skill level 5 in Shields
 13453 | Lair:1   | Entered Level 1 of the Lair of Beasts
 13507 | Lair:1   | Reached XP level 11. HP: 83/83 MP: 13/20
 14193 | D:9      | Learned a level 3 spell: Kindle Blastsparks
 14198 | D:9      | Learned a level 4 spell: Sticky Flame
 14454 | Lair:1   | Noticed a death yak
 14805 | Lair:2   | Found a staircase to the Shoals.
 14869 | Lair:2   | Noticed an eight-headed hydra
 14984 | Lair:1   | Noticed a death yak
 14984 | Lair:1   | Noticed a death yak
 14984 | Lair:1   | Noticed a death yak
 14984 | Lair:1   | Noticed a death yak
 14990 | Lair:2   | HP: 3/84 [eight-headed hydra (2)]
 14990 | Lair:2   | Slain by a death yak

Illustrated notes

Levels and vault maps discovered:
D:1:      dpeg_arrival_tiny_d, layout_basic, serial_forest,
          infiniplex_forest_straight_1, infiniplex_forest_lined_2,
          infiniplex_forest_straight_3, infiniplex_forest_join,
          infiniplex_forest_clump_double, infiniplex_forest_straight_2,
          hangedman_decor_points, minmay_misc_feat_tiny, nrook_mini_backslash
D:2:      layout_rooms, dreamdust_ecumenical_altar_grove, basic_altar
D:3:      layout_loops_ring, tgw_trog, grunt_dithmenos_smoke_and_mirrors,
          serial_bayou_pond_d, grunt_decor_fettered
D:4:      layout_basic, serial_shops, nicolae_square_shop
D:5:      layout_basic, general_overflow_altar, uniq_sigmund
D:6:      layout_loops_cross, uniq_menkaure
D:7:      layout_basic, temple_fountains, kennysheep_small_circle,
          uniq_prince_ribbit1
D:8:      layout_gridville
D:9:      layout_basic, lair_entry_dummy
Temple:   sentei_temple_godly_chess
Lair:1:   layout_cave_pods
Lair:2:   layout_misc_corridors, shoals_dummy_entry, grunt_megastairs_2,
          lemuel_fruit_tree

Skill      XL: |  1  2  3  4  5  6  7  8  9 10 11 |
---------------+----------------------------------+-----
Dodging        | 2 3 4 5 6 |  6.5
Stealth        | 2 3 |  3.0
Fighting       | 1 2 3 4 5 6 7 |  7.2
Fire Magic     | 3 4 5 6 7 |  7.2
Conjurations   | 2 3 4 5 6 |  6.0
Spellcasting   | 3 4 5 6 7 |  7.0
Shields        | 1 2 4 5 |  5.7
Necromancy     | 3 4 |  4.2
Translocations | 2 3 |  3.4
Armour         | 2 3 |  3.1

Action                   |  1- 3 |  4- 6 |  7- 9 | 10-12 || total
-------------------------+-------+-------+-------+-------++-------
Melee: Dagger            |     5 |    27 |    48 |    67 ||   147
       Short sword       |    19 |       |       |       ||    19
       Tailslap          |     2 |     2 |     9 |     8 ||    21
       Punch             |       |     1 |       |       ||     1
 Cast: Foxfire           |    97 |    50 |   165 |   148 ||   460
       Scorch            |     3 |    24 |   102 |   102 ||   231
       Sticky Flame      |       |       |       |     3 ||     3
       Kindle Blastspark |       |       |       |     2 ||     2
Evoke: Wand              |       |       |       |     2 ||     2
  Use: Scroll            |       |       |       |    10 ||    10
 Stab: Sleeping          |       |     1 |     1 |     1 ||     3
       Distracted        |       |     1 |       |     2 ||     3
Armor: Robe              |     4 |     1 |     1 |       ||     6
       Leather armour    |       |       |     5 |       ||     5
       Ring mail         |       |       |       |    16 ||    16
Dodge: Dodged            |    20 |    17 |    67 |    80 ||   184
Block: Other             |       |     4 |     4 |       ||     8
       Buckler           |       |       |    32 |    69 ||   101

Table legend: (Time is in decaauts)
 A = Elapsed time spent in this place.
 B = Non-inter-level travel time spent in this place.
 C = Inter-level travel time spent in this place.
 D = Time resting spent in this place.
 E = Time spent auto-exploring this place.
 F = Levels seen in this place.
 G = Mean time per level.
                   A        B        C        D        E       F      G
               +--------+--------+--------+--------+--------+-----+--------+
         Total |  15004 |  14340 |    664 |   2602 |   8521 |  12 | 1250.3 |
       Dungeon |  13536 |  12950 |    586 |   2254 |   8099 |   9 | 1504.0 |
        Temple |     16 |     16 |      0 |      0 |      0 |   1 |   16.0 |
          Lair |   1451 |   1373 |     78 |    348 |    422 |   2 |  725.5 |
               +--------+--------+--------+--------+--------+-----+--------+

Top non-repeatable levels by time:
     D:7: 2271 daAuts
     D:5: 1647 daAuts
     D:8: 1608 daAuts
     D:3: 1589 daAuts
     D:6: 1515 daAuts
     D:9: 1454 daAuts
     D:4: 1325 daAuts
     D:1: 1136 daAuts
     D:2: 988 daAuts
  Lair:1: 977 daAuts
  Lair:2: 473 daAuts
  Temple: 16 daAuts
